 Dungeon Crawl Stone Soup version 0.30-a0-311-gf115ab0292 (webtiles) character file.

Game seed: 6559233762104503298

506 themarg the Fighter (level 6, -3/64 HPs)
             Began as a Minotaur Fighter on Oct 26, 2022.
             Slain by Natasha (5 damage)
             ... on level 4 of the Dungeon.
             The game lasted 00:07:55 (3136 turns).

themarg the Fighter (Minotaur Fighter)              Turns: 3136, Time: 00:07:56

Health: -3/64      AC:  8    Str: 23    XL:     6   Next: 97%
Magic:  5/5        EV:  9    Int:  5    God:
Gold:   180        SH:  4    Dex:  9    Spells: 5/5 levels left

rFire   . . .      SeeInvis .    a - +0 war axe
rCold   . . .      Faith    .    c - +0 buckler
rNeg    . . .      Spirit   .    b - +0 scale mail
rPois   .          Reflect  .    t - +2 hat
rElec   .          Harm     .    (no cloak)
rCorr   .          Rampage  .    (no gloves)
Will    .....                    (no boots)
Stlth   ..........               i - amulet of the acrobat
HPRegen 0.30/turn                (no ring)
MPRegen 0.09/turn                (no ring)

@: no status effects
A: horns 2, retaliatory headbutt
a: no special abilities


You were on level 4 of the Dungeon.
You visited 2 branches of the dungeon, and saw 5 of its levels.

You collected 180 gold pieces.

Inventory:

Hand Weapons
 a - a +0 war axe (weapon)
 r - the +7 trident "Zesast" {protect, Str-3 Int+7}
   (You found it on level 2 of the Dungeon)

   It grants its wielder temporary protection when it strikes (+7 to AC).
   Str:       It affects your strength (-3).
   Int:       It affects your intelligence (+7).
 y - the +6 trident of Wamoa {flame, Contam rElec rF+ Int+5}
   (You found it on level 3 of the Dungeon)

   It burns those it strikes, dealing additional fire damage.
   Int:       It affects your intelligence (+5).
   rF:        It protects you from fire.
   rElec:     It insulates you from electricity.
   Contam:    It causes magical contamination when unequipped.
Missiles
 f - 25 stones (quivered)
 o - 2 boomerangs
 u - 4 poisoned darts
Armour
 b - a +0 scale mail (worn)
 c - a +0 buckler (worn)
 t - a +2 hat (worn)
 x - a +0 kite shield
Jewellery
 h - a ring of fire
 i - an amulet of the acrobat (around neck)
 m - a ring of wizardry
 n - a ring of flight
 w - a +4 ring of evasion
Scrolls
 e - 2 scrolls of amnesia
 g - 2 scrolls of silence {unknown}
 j - a scroll of enchant weapon {unknown}
 k - a scroll of poison {unknown}
 q - 3 scrolls of teleportation
 v - a scroll of magic mapping {unknown}
Potions
 d - a potion of might
 l - 2 potions of ambrosia
 p - 2 potions of curing
 s - a potion of attraction


   Skills:
 + Level 9.5 Fighting
 - Level 2.4 Axes
 - Level 3.6 Armour
 - Level 3.6 Shields


You had 5 spell levels left.
You didn't know any spells.
Your spell library contained the following spells:

 Spells                   Type           Power      Damage    Failure   Level
 Summon Small Mammal      Summ           0%         N/A       86%         1
 Sublimation of Blood     Necr           0%         N/A       95%         2
 Wereblood                Tmut           0%         N/A       95%         2
 Call Canine Familiar     Summ           0%         N/A       99%         3
 Summon Guardian Golem    Hex/Summ       0%         N/A       99%         3
 Tukima's Dance           Hex            0%         N/A       99%         3
 Passage of Golubria      Tloc           0%         N/A       100%        4
 Yara's Violent Unravell  Hex/Tmut       0%         3d3       100%        5
 Summon Hydra             Summ           0%         N/A       100%        7


Dungeon Overview and Level Annotations

Branches:
Dungeon (4/15)             Temple (1/1) D:4

Altars:
Cheibriados
Fedhas
Gozag
Hepliaklqana
Makhleb
Nemelex Xobeh
Ru
Sif Muna
Uskayaw
Wu Jian
Zin
The Shining One

Shops:
D:3 :

Annotations:
D:4 Natasha


Innate Abilities, Weirdness & Mutations

You have a pair of horns on your head.
You reflexively headbutt those who attack you in melee.


Message History

Natasha barely misses you. You furiously retaliate!
You headbutt Natasha!
The orc priest begins to cast a cantrip, but forgets the words!
The orc priest casts a cantrip, but nothing happens.
Natasha casts a spell at you. The magic dart hits you.
Things that are here:
a +0 dagger; a +0 sling You barely miss Natasha.
Natasha is severely wounded.
You hit the white imp.
The orc priest begins to cast a cantrip, but forgets the words!
The white imp hits you but does no damage.
The orc priest looks braver for a moment.
Natasha barely misses you. You furiously retaliate!
You headbutt Natasha, but do no damage. You completely miss Natasha.
Natasha is severely wounded.
You hit the white imp but do no damage. The white imp barely misses you.
The orc priest begins to cast a cantrip, but forgets the words!
You block Natasha's attack.
The orc priest looks braver for a moment.
The white imp hits you. The white imp freezes you.
The orc priest invokes the aid of Beogh against you.
Beogh smites you!
* * * LOW HITPOINT WARNING * * *
You barely miss Natasha.
Natasha is severely wounded.
You hit the white imp.
The crimson imp disappears in a puff of smoke!
Natasha hisses.
You block Natasha's attack.
The orc priest mumbles some strange prayers to Beogh against you.
Beogh smites you!
* * * LOW HITPOINT WARNING * * *
The white imp completely misses you. You furiously retaliate!
You headbutt the white imp!
You kill the white imp!
The white imp disappears in a puff of smoke!
Natasha claws you.
You die...

#.# #.#.#.# ########.#
#.#.#.# .......#.#
#.#.#.#
.......#.###.#.#.######.
.......'................
.......#.#.###.#.##....
##'#####.#.# #.#.# # ...#
###.#.# #.#ยง##o####.
..####...#.. .<#@ho.o....
.........#####+###o......
#.####..........# .......
#.# ###.##.....# .......
#.######.##.....# [......
#.#......##.....# .......
#.#......##.....# .......
#.#.............# .......
..#.............#


You could see 3 orc priests, Natasha and an orc.

Vanquished Creatures
  Menkaure (D:4)
  3 scorpions
  Terence (D:2)
  A hound skeleton (D:3)
  Robin (D:3)
  5 adders
  A worm (D:2)
  3 adder zombies (D:3)
  A dart slug (D:1)
  2 orcs (D:3)
  7 ball pythons
  10 bats
  5 endoplasms
  4 giant cockroaches
  14 goblins
  7 hobgoblins
  7 jackals
  7 kobolds
  3 quokkas
  3 ball python skeletons (D:3)
  3 frilled lizards
  6 rats
95 creatures vanquished.

Vanquished Creatures (others)
  A withered plant (D:3)
1 creature vanquished.

Grand Total: 96 creatures vanquished

Notes
Turn   | Place    | Note
-------+----------+-------------------------------------------
     0 | D:1      | themarg the Minotaur Fighter began the quest for the Orb.
     0 | D:1      | Reached XP level 1. HP: 19/19 MP: 0/0
   215 | D:1      | Reached skill level 4 in Fighting
   310 | D:1      | Reached XP level 2. HP: 28/28 MP: 1/1
   610 | D:1      | Reached skill level 5 in Fighting
   660 | D:1      | Reached XP level 3. HP: 36/36 MP: 2/2
   957 | D:2      | Noticed Terence
   967 | D:2      | Killed Terence
  1021 | D:2      | Identified the +7 trident "Zesast" {protect, Str-3 Int+7}
  1079 | D:2      | Reached XP level 4. HP: 42/44 MP: 3/3
  1123 | D:2      | Reached skill level 6 in Fighting
  1761 | D:3      | Identified the +6 trident of Wamoa {flame, Contam rElec rF+
                  | Int+5}
  1779 | D:3      | Found Ydox's Vocational Training.
  1785 | D:3      | Noticed a scorpion
  1792 | D:3      | Killed a scorpion
  1793 | D:3      | Reached skill level 7 in Fighting
  1793 | D:3      | Reached XP level 5. HP: 45/52 MP: 4/4
  2170 | D:3      | Noticed Robin
  2180 | D:3      | Killed Robin
  2262 | D:3      | Found an opulent altar of Gozag.
  2542 | D:4      | Noticed Menkaure
  2548 | D:4      | Killed Menkaure
  2549 | D:4      | Reached skill level 8 in Fighting
  2549 | D:4      | Reached XP level 6. HP: 19/62 MP: 5/5
  2725 | D:4      | Found a staircase to the Ecumenical Temple.
  2736 | Temple   | Entered the Ecumenical Temple
  3008 | D:4      | Reached skill level 9 in Fighting
  3122 | D:4      | Noticed Natasha
  3136 | D:4      | HP: 2/64 [orc priest/divine providence (9)]
  3136 | D:4      | Slain by Natasha

Illustrated notes

Levels and vault maps discovered:
D:1:      dpeg_arrival_rooms_b, layout_loops_corners,
          chequers_serial_rivers_small_a
D:2:      layout_loops_ring, roderic_lattice_a, uniq_terence
D:3:      layout_loops_ring, grunt_gozag_statues, serial_undead,
          serial_undead_d, serial_undead_f, serial_undead_f, serial_undead_a,
          nicolae_shop_vocational, uniq_robin
D:4:      layout_basic, minmay_temple_entry_offerings, uniq_natasha,
          uniq_menkaure
Temple:   bh_familiar_temple

Skill      XL: |  1  2  3  4  5  6 |
---------------+-------------------+-----
Fighting       | 4 5 7 8 9 |  9.5
Axes           | |  2.4
Armour         | |  3.6
Shields        | |  3.6

Action                   |  1- 3 |  4- 6 || total
-------------------------+-------+-------++-------
Melee: War axe           |    93 |   118 ||   211
       Headbutt          |     8 |    12 ||    20
  Use: Scroll            |       |     5 ||     5
 Stab: Distracted        |       |     1 ||     1
Armor: Scale mail        |    50 |    50 ||   100
Dodge: Dodged            |    49 |    70 ||   119
Block: Buckler           |    23 |    25 ||    48

Table legend: (Time is in decaauts)
 A = Elapsed time spent in this place.
 B = Non-inter-level travel time spent in this place.
 C = Inter-level travel time spent in this place.
 D = Time resting spent in this place.
 E = Time spent auto-exploring this place.
 F = Levels seen in this place.
 G = Mean time per level.
                   A        B        C        D        E       F      G
               +--------+--------+--------+--------+--------+-----+--------+
         Total |   3224 |   3107 |    117 |    243 |   2208 |   5 |  644.8 |
       Dungeon |   3055 |   2950 |    105 |    243 |   2055 |   4 |  763.8 |
        Temple |    169 |    157 |     12 |      0 |    153 |   1 |  169.0 |
               +--------+--------+--------+--------+--------+-----+--------+

Top non-repeatable levels by time:
     D:1: 898 daAuts
     D:2: 881 daAuts
     D:3: 811 daAuts
     D:4: 464 daAuts
  Temple: 169 daAuts
